 Dungeon Crawl Stone Soup version 0.17.1-3-g152610e (webtiles) character file.

5894 manyhoops the Cleaver (level 10, -3/86 HPs)
             Began as a Minotaur Fighter on Apr 3, 2016.
             Was a High Priest of Jiyva.
             Slain by a 13-headed hydra (5 damage)
             ... on level 1 of the Lair of Beasts.
             The game lasted 00:42:04 (9511 turns).

manyhoops the Cleaver (Minotaur Fighter)            Turns: 9511, Time: 00:42:04

Health: -3/86      AC: 19    Str: 24    XL:     10   Next: 53%
Magic:  9/9        EV:  5    Int: 13    God:    Jiyva [*****.]
Gold:   118        SH: 11    Dex: 12    Spells: 0 memorised, 9 levels left

rFire  . . .     SeeInvis .     I - +3 spear
rCold  x . .     Clarity  .     H - +5 scale mail of Eternal Vigilance {rC- rN+ Regen+ Dex+5}
rNeg   + . .     SustAt   .     c - +0 shield
rPois  .         Gourm    .     (helmet restricted)
rElec  .         Spirit   .     k - +2 cloak
rCorr  +         Warding  .     K - +0 pair of gloves
rMut   .         Stasis   .     p - +0 pair of boots
MR     .....                    w - amulet of resist corrosion
Stlth  ..........               (no ring)
                                L - +5 ring of intelligence

@: not resistant to hostile enchantments, extremely unstealthy
A: retaliatory headbutt, horns 2, repulsion field 1, wild magic 1, no device
heal 1
a: Request Jelly, Jelly Paralyse, Slimify, Cure Bad Mutation, Renounce Religion


You were on level 1 of the Lair of Beasts.
You worshipped Jiyva.
Jiyva was extremely pleased with you.
You were full.

You visited 3 branches of the dungeon, and saw 11 of its levels.

You collected 403 gold pieces.
You spent 285 gold pieces at shops.

Inventory:

Hand Weapons
 a - a +0 war axe
 d - a +0 scimitar
 n - the +9 hand axe "Mueb" {venom, rF+ MR+}
   (You found it on level 5 of the Dungeon)

   It poisons the flesh of those it strikes.
   It protects you from fire.
   It affects your resistance to hostile enchantments.
 D - a +0 flail
 I - a +3 spear (weapon)
Armour
 b - a +0 scale mail
 c - a +0 shield (worn)
 k - a +2 cloak (worn)
 p - a +0 pair of boots (worn)
 H - the +5 scale mail of Eternal Vigilance (worn) {rC- rN+ Regen+ Dex+5}
   (You bought it in a shop on level 7 of the Dungeon)

   It affects your dexterity (+5).
   It makes you vulnerable to cold.
   It protects you from negative energy.
   It increases your rate of regeneration.
 K - a +0 pair of gloves (worn)
Jewellery
 o - an uncursed amulet of stasis {hello}
 w - an amulet of resist corrosion (around neck)
 L - a +5 ring of intelligence (left hand)
Wands
 i - a wand of polymorph (0)
Scrolls
 g - 4 scrolls of remove curse
 h - a scroll of blinking
 r - 3 scrolls of amnesia
 s - a scroll of immolation
 t - a scroll of recharging
 y - a scroll of silence {unknown}
 C - 3 scrolls of teleportation
 E - a scroll of summoning {unknown}
 G - a scroll of random uselessness {unknown}
 J - a scroll of fear {unknown}
Potions
 f - a potion of lignification
 l - a potion of magic {unknown}
 m - a potion of agility
 q - 2 potions of flight
 u - a potion of curing {unknown}
 x - a potion of beneficial mutation {unknown}
 A - 2 potions of heal wounds {unknown}
 B - a potion of brilliance {unknown}
Comestibles
 e - 4 bread rations
 v - 3 beef jerkies
 z - 2 meat rations
 F - 2 slices of pizza
 M - a fruit


   Skills:
 - Level 7.5 Fighting
 + Level 14.4 Axes
 - Level 7.7 Armour
 - Level 7.9 Shields


You had 9 spell levels left.
You didn't know any spells.

Dungeon Overview and Level Annotations

Branches:
Dungeon (9/15)             Temple (1/1) D:5            Lair (1/8) D:9
    Orc: D:9-12

Altars:
Ashenzari
Cheibriados
Dithmenos
Elyvilon
Fedhas
Gozag
Kikubaaqudgha
Makhleb
Nemelex Xobeh
Okawaru
Qazlal
Ru
Sif Muna
Trog
Vehumet
Xom
Yredelemnul
Zin
The Shining One
Jiyva

Shops:
D:7 [}   D:9 ?

Annotations:
D:4 1 runed door


Innate Abilities, Weirdness & Mutations

You reflexively headbutt those who attack you in melee.
You have a pair of horns on your head.
You are surrounded by a mild repulsion field (EV +2).
Your spells are a little harder to cast, but a little more powerful.
Potions and wands are less effective at restoring your health.


Message History

The 13-headed hydra bites you!
* * * LOW HITPOINT WARNING * * *
The 13-headed hydra bites you but does no damage. x2
The 13-headed hydra barely misses you. You block the 13-headed hydra's attack.
There is a staircase back to the Dungeon, spattered with blood here.
The porcupine bites you but does no damage.
The 13-headed hydra bites you but does no damage.
You block the 13-headed hydra's attack.
The 13-headed hydra bites you but does no damage.
The 13-headed hydra bites you.
* * * LOW HITPOINT WARNING * * *
The 13-headed hydra bites you!
* * * LOW HITPOINT WARNING * * *
The 13-headed hydra bites you but does no damage.
The 13-headed hydra bites you.
* * * LOW HITPOINT WARNING * * *
The 13-headed hydra bites you!
* * * LOW HITPOINT WARNING * * *
You block the 13-headed hydra's attack. The 13-headed hydra bites you.
You die...

# ### ######## ### ####.######
######.#.##.####P.
#.........#####.................
##..##.#P........................
#...#..##.......D.........##.....
##..#P.#.......r@#.?.#######...#.
##..##.##.####.###...# #.#...##
#.......#.####.###...## #.......
.....#.......D.##P....# #.......
.........rD..........## ##......
.....#..####P#.....P## #......
.....#.## ###.....## #......
.....#.# ##.#..# #.....#
.....#.## ##...# ###..##


You could see a 13-headed hydra and a porcupine.

Vanquished Creatures
  The ghost of azaza322 the Blocker, a novice GrFi of the Shining One (D:7)
  A cyclops (D:9)
  A komodo dragon (Lair:1)
  Sigmund (D:3)
  8 yaks (Lair:1)
  An ice beast (D:4)
  2 necrophages (D:9)
  A wasp (D:8)
  An orc warrior (D:9)
  3 sky beasts (D:5)
  An ogre (D:4)
  2 phantoms
  3 crocodiles
  2 centaurs
  A big kobold (D:8)
  Blork the orc (D:5)
  4 giant frogs
  A gnoll sergeant (D:8)
  A water moccasin skeleton (D:8)
  2 scorpions
  4 crimson imps
  An electric eel (D:9)
  A wasp zombie (D:9)
  A centaur skeleton (D:5)
  2 hounds (D:5)
  Crazy Yiuf (D:6)
  6 orc priests
  7 iguanas
  Jessica (D:3)
  15 orc wizards
  A killer bee zombie (D:9)
  5 worker ants
  A hound zombie (D:5)
  A mummy (D:9)
  A hound skeleton (D:4)
  4 adders
  4 gnolls (D:8)
  A shadow imp (D:5)
  2 oozes (D:2)
  5 worms
  5 giant geckos
  31 orcs
  A ball python (D:1)
  8 giant cockroaches
  8 hobgoblins
  10 jackals
  10 kobolds
  3 quokkas
  9 bats
  A giant gecko skeleton (D:4)
  3 giant newts
  7 goblins
  A jackal skeleton (D:5)
  11 rats
  A bush (D:6)
  4 fungi (D:6)
215 creatures vanquished.

Vanquished Creatures (others)
  A hungry ghost (D:7)
  A water moccasin (D:8)
  A phantom (D:6)
  A necrophage (D:9)
  14 jellies
  A hound (D:9)
  A wight (D:9)
  5 crimson imps
  4 orc wizards
  4 adders
  A shadow imp (D:6)
  An adder zombie (D:9)
  A worm (D:8)
  2 giant geckos (D:9)
  2 quokkas
40 creatures vanquished.

Grand Total: 255 creatures vanquished

Notes
Turn   | Place    | Note
--------------------------------------------------------------
     0 | D:1      | manyhoops the Minotaur Fighter began the quest for the Orb.
     0 | D:1      | Reached XP level 1. HP: 19/19 MP: 0/0
   322 | D:1      | Reached XP level 2. HP: 27/27 MP: 1/1
   355 | D:1      | Reached skill level 4 in Fighting
   634 | D:1      | Reached XP level 3. HP: 33/33 MP: 2/2
  1423 | D:3      | Reached XP level 4. HP: 37/41 MP: 3/3
  1612 | D:3      | Noticed Jessica
  1615 | D:3      | Killed Jessica
  2001 | D:3      | Noticed Sigmund
  2155 | D:3      | HP: 2/41 [something (5)]
  2708 | D:3      | Killed Sigmund
  2708 | D:3      | Reached skill level 5 in Fighting
  2708 | D:3      | Reached skill level 5 in Armour
  2708 | D:3      | Reached skill level 5 in Shields
  2708 | D:3      | Reached XP level 5. HP: 40/48 MP: 4/4
  2708 | D:3      | Reached XP level 6. HP: 46/56 MP: 5/5
  2924 | D:4      | Found a white marble altar of Elyvilon.
  2924 | D:4      | Found a runed door.
  2924 | D:4      | Noticed an angel
  3179 | D:4      | You fall through a shaft!
  3179 | D:5      | Entered Level 5 of the Dungeon
  3200 | D:5      | Reached skill level 6 in Fighting
  3200 | D:5      | Reached skill level 5 in Axes
  3200 | D:5      | Reached XP level 7. HP: 9/63 MP: 6/6
  3510 | D:5      | Noticed Blork the orc
  3552 | D:5      | Killed Blork the orc
  4568 | D:4      | Reached XP level 8. HP: 59/71 MP: 7/7
  4753 | D:5      | Found a blossoming altar of Fedhas.
  4767 | D:5      | Reached skill level 7 in Shields
  4855 | D:5      | Gained mutation: You possess an exceptional clarity of mind. [potion of mutation]
  4855 | D:5      | Gained mutation: Potions and wands are less effective at restoring your health. [potion of mutation]
  4855 | D:5      | Gained mutation: Your spells are a little easier to cast, but a little less powerful. [potion of mutation]
  4899 | D:5      | Found a shadowy altar of Dithmenos.
  4911 | D:5      | Found a glowing silver altar of Zin.
  4940 | D:5      | Found a glowing golden altar of the Shining One.
  4961 | D:5      | Became a worshipper of the Shining One
  4990 | D:5      | Got a pitted hand axe
  4991 | D:5      | Identified the +9 hand axe "Mueb" {venom, rF+ MR+} (You found it on level 5 of the Dungeon)
  5016 | D:5      | Fell from the grace of the Shining One
  5063 | D:5      | Found a staircase to the Ecumenical Temple.
  5289 | Temple   | Entered the Ecumenical Temple
  5448 | Temple   | Became a worshipper of Jiyva Jakhluc the Shapeless
  5642 | D:5      | Reached * piety under Jiyva
  5947 | D:6      | Reached skill level 8 in Axes
  5947 | D:6      | Reached XP level 9. HP: 63/79 MP: 8/8
  6091 | D:6      | Reached ** piety under Jiyva
  6260 | D:6      | Reached *** piety under Jiyva
  6395 | D:6      | Noticed Crazy Yiuf
  6400 | D:6      | Killed Crazy Yiuf
  6615 | D:7      | Found a stormy altar of Qazlal.
  6616 | D:7      | Found a white marble altar of Elyvilon.
  6621 | D:7      | Found a sparkling altar of Nemelex Xobeh.
  6623 | D:7      | Found a snail-covered altar of Cheibriados.
  6623 | D:7      | Found an opulent altar of Gozag.
  6626 | D:7      | Found an iron altar of Okawaru.
  6628 | D:7      | Found a deep blue altar of Sif Muna.
  6628 | D:7      | Lost mutation: You possess an exceptional clarity of mind. [Jiyva's grace]
  6749 | D:7      | Reached skill level 9 in Axes
  6858 | D:7      | Noticed azaza322's ghost (novice GrFi)
  6875 | D:7      | Killed azaza322's ghost
  6875 | D:7      | Reached skill level 10 in Axes
  6924 | D:7      | Found Apuc's Antique Armour Boutique.
  6936 | D:7      | Bought a ruby-encrusted scale mail for 234 gold pieces
  6946 | D:7      | Identified the +5 scale mail of Eternal Vigilance {rC- rN+ Regen+ Dex+5} (You bought it in a shop on level 7 of the Dungeon)
  7221 | D:7      | Found Xoaz Jet's Gadget Boutique.
  7615 | D:8      | Reached **** piety under Jiyva
  7621 | D:8      | Gained mutation: You have acidic saliva. [Jiyva's grace]
  7727 | D:8      | Reached skill level 11 in Axes
  7783 | D:8      | Reached ***** piety under Jiyva
  7900 | D:8      | Found a basalt altar of Yredelemnul.
  8167 | D:9      | Found a staircase to the Lair.
  8211 | D:9      | Lost mutation: Your spells are a little easier to cast, but a little less powerful. [Jiyva's grace]
  8236 | D:9      | Found Laulot's Magic Scroll Shop.
  8257 | D:9      | Bought a scroll of teleportation for 51 gold pieces
  8376 | D:9      | Found a sacrificial altar of Ru.
  8404 | D:9      | Reached skill level 12 in Axes
  8566 | D:9      | Lost mutation: You have acidic saliva. [Jiyva's grace]
  8707 | D:9      | Noticed a cyclops
  8716 | D:9      | Killed a cyclops
  8716 | D:9      | Reached XP level 10. HP: 56/86 MP: 9/9
  8772 | Lair:1   | Entered Level 1 of the Lair of Beasts
  8797 | Lair:1   | Reached skill level 13 in Axes
  8826 | Lair:1   | Gained mutation: You are clumsy. (Dex -2) [potion of mutation]
  8826 | Lair:1   | Gained mutation: Your spells are a little harder to cast, but a little more powerful. [potion of mutation]
  8826 | Lair:1   | Lost mutation: You are clumsy. (Dex -2) [potion of mutation]
  9144 | Lair:1   | Gained mutation: You are surrounded by a mild repulsion field (EV +2). [Jiyva's grace]
  9179 | Lair:1   | Reached skill level 14 in Axes
  9224 | Lair:1   | Noticed a four-headed hydra
  9511 | Lair:1   | HP: 2/86 [13-headed hydra (10)]
  9511 | Lair:1   | Slain by a 13-headed hydra

Action                   |  1- 3 |  4- 6 |  7- 9 | 10-12 || total
-------------------------+-------+-------+-------+-------++-------
Melee: War axe           |    98 |   124 |   112 |       ||   334
       Unarmed           |       |     6 |       |       ||     6
       Hand axe          |       |       |   193 |    59 ||   252
       Spear             |       |       |       |     7 ||     7
Invok: Renounce Religion |       |       |     1 |       ||     1
       Jelly Paralyse    |       |       |     8 |       ||     8
       Cure Bad Mutation |       |       |     1 |       ||     1
  Use: Scroll            |     1 |    12 |     5 |     6 ||    24
       Potion            |       |       |     2 |     1 ||     3
  Eat: Chunk             |     1 |     2 |       |       ||     3
       Bread ration      |     1 |       |     2 |       ||     3
